 Dungeon Crawl Stone Soup version 0.24-a0-525-g9231cdcba1 (webtiles) character file.

Game seed: 169699852527138582

2527 GordonOverkill the Conjurer (level 9, -6/103 HPs)
             Began as a Grey Draconian Fire Elementalist on Aug 3, 2019.
             Was a Follower of Sif Muna.
             Mangled by Joseph
             ... wielding a +2 quarterstaff of draining
              (15 damage)
             ... on level 7 of the Dungeon on Aug 4, 2019.
             The game lasted 00:17:53 (8053 turns).

GordonOverkill the Conjurer (DrFE)                  Turns: 8053, Time: 00:17:54

Health: -6/103     AC: 12    Str: 16    XL:     9   Next: 29%
Magic:  8/19       EV: 11    Int: 21    God:    Sif Muna [*.....]
Gold:   368        SH:  0    Dex: 12    Spells: 13/21 levels left

rFire    + . .     SeeInvis .   g - +2 lajatang (venom)
rCold    . . .     Gourm    .   (shield currently unavailable)
rNeg     . . .     Faith    .   (armour unavailable)
rPois    .         Spirit   .   (helmet restricted)
rElec    .         Reflect  .   (no cloak)
rCorr    .         Harm     .   (no gloves)
MR       .....                  (no boots)
Stlth    ..........             (no amulet)
HPRegen  0.27/turn              o - ring of protection from fire
MPRegen  0.16/turn              w - +3 ring of intelligence

@: berserking, heavily drained, very quick
A: walk through water, unfitting armour, unbreathing, cold-blooded, AC +12
a: Channel Magic, Renounce Religion


You were on level 7 of the Dungeon.
You worshipped Sif Muna.
Sif Muna was aware of your devotion.
You were hungry.

You visited 1 branch of the dungeon, and saw 7 of its levels.
You also visited: Sewer.

You collected 368 gold pieces.

Inventory:

Hand Weapons
 a - a +0 trident
 g - a +2 lajatang of venom (weapon)
 v - the +1 falchion of the Puffball {vamp, Stlth+}
   (You found it on level 5 of the Dungeon)

   It inflicts no extra harm, but heals its wielder when it wounds a living foe.
   It makes you more stealthy.
Missiles
 i - 34 sling bullets
 m - 130 stones (quivered)
 x - 2 throwing nets
Armour
 f - a +2 shield
Jewellery
 c - an uncursed amulet of harm {unknown}
 o - a ring of protection from fire (left hand)
 w - a +3 ring of intelligence (right hand)
 y - an uncursed ring of stealth {unknown}
 A - an uncursed ring of fire {unknown}
Wands
 t - a wand of enslavement (10)
 u - a wand of paralysis (4)
 B - a wand of acid (13)
 G - a wand of digging (6)
Scrolls
 h - a scroll of fear
 k - 4 scrolls of teleportation
 q - 2 scrolls of enchant weapon
 s - a scroll of amnesia
 z - a scroll of blinking
 C - 3 scrolls of identify
 D - a scroll of vulnerability {unknown}
 F - a scroll of remove curse
Potions
 e - a potion of curing
 j - a potion of brilliance
 l - a potion of flight
 n - a potion of magic {unknown}
 p - a potion of agility {unknown}
 r - a potion of mutation {unknown}
Comestibles
 b - 14 rations


   Skills:
 + Level 3.1(1.8) Fighting
 - Level 2.0(0.7) Dodging
 - Level 2.0(0.7) Stealth
 + Level 6.8(5.3) Spellcasting
 - Level 7.0(5.5) Conjurations
 - Level 5.0(3.6) Fire Magic
 - Level 6.0(4.6) Invocations


You had 13 spell levels left.
You knew the following spells:

 Your Spells              Type           Power        Failure   Level  Hunger
a - Flame Tongue          Conj/Fire      ###..        1%          1    None
b - Conjure Flame         Conj/Fire      ###.....     4%          3    ##.....
c - Sticky Flame          Conj/Fire      ###.....     16%         4    ####...

Your spell library contained the following spells:

 Spells                   Type           Power        Failure   Level  Hunger
 Throw Flame              Conj/Fire      ###...       2%          2    None
 Summon Butterflies       Summ           #.......     11%         1    None
 Inner Flame              Hex/Fire       ##......     16%         3    ##.....
 Fireball                 Conj/Fire      ###.......   41%         5    #####..


Dungeon Overview and Level Annotations

Branches:
Dungeon (7/15)             Temple (0/1) D:7

Altars:
Elyvilon
Fedhas
Makhleb
Ru
Sif Muna
Trog
Zin

Annotations:
D:7 Joseph


Innate Abilities, Weirdness & Mutations

You can walk through water.
Your dull iron-grey scales are very hard. (AC +12)
You cannot fit into any form of body armour.
You can survive without breathing.
You are cold-blooded and may be slowed by cold attacks.


Message History

You sense an unholy aura.
Joseph hits you with a +2 quarterstaff of draining!
* * * LOW HITPOINT WARNING * * *
You feel drained.
* * * LOW HITPOINT WARNING * * *
You feel better.
Joseph burns!
All of the chunks of flesh in your inventory have rotted away.
You feel better.
Joseph burns!
Joseph stops burning.
Joseph hits you but does no damage.
You feel drained.
A red film seems to cover your vision as you go berserk!
You feel yourself moving faster!
You feel mighty!
The water moccasin hisses angrily.
Joseph hits you with a +2 quarterstaff of draining!
* * * LOW HITPOINT WARNING * * *
You feel drained.
* * * LOW HITPOINT WARNING * * *
You slash Joseph!
Joseph is poisoned.
Joseph is heavily wounded.
Joseph hits you with a +2 quarterstaff of draining!
You die...

#........>..#
##.##.[.....#
##...#.......### ♣♣♣
#.# #.........S. ♣.♣♣♣
♣♣.###.......@# ....♣♣
♣♣......##(S...#
.....♣♣♣.......##.#$###
≈≈≈...♣...≈≈≈...#†#<#
≈≈≈≈.....≈≈≈≈≈..@@#.#
≈_≈≈.....≈≈♣≈≈......#
≈≈≈≈.....≈≈≈≈≈..#.###
≈≈≈...♣...≈≈≈...#.#
.....♣♣♣..........#
....♣♣ ♣♣.....###.#
♣.♣♣♣ ♣♣.#### #.# ♣♣♣
#.# #.# # #.#


You could see Joseph and a water moccasin.

Vanquished Creatures
  Grinder (D:5)
  Prince Ribbit (D:6)
  Menkaure (D:4)
  Duvessa (D:6)
  A black bear (D:6)
  A sky beast (D:7)
  An ice beast (D:6)
  2 ogres (D:6)
  An orc warrior (D:6)
  2 crocodiles
  2 centaurs (D:5)
  2 bullfrogs
  Dowan (D:6)
  3 scorpions (D:5)
  2 crimson imps
  2 orc priests
  4 hounds (D:5)
  2 orc wizards (D:4)
  7 worker ants
  A hound zombie (D:5)
  A worker ant zombie (D:5)
  4 gnolls (D:2)
  9 adders
  A shadow imp (D:5)
  6 oozes
  4 worms
  2 leopard geckos
  11 orcs
  A ball python (D:3)
  10 bats
  6 giant cockroaches
  A goblin (D:3)
  5 hobgoblins
  14 jackals
  2 quokkas
  6 frilled lizards
  7 kobolds
  7 rats
  2 bushes (D:5)
137 creatures vanquished.

Notes
Turn   | Place    | Note
-------+----------+-------------------------------------------
     0 | D:1      | GordonOverkill the Draconian Fire Elementalist began the
                  | quest for the Orb.
     0 | D:1      | Reached XP level 1. HP: 14/14 MP: 3/3
   157 | D:1      | Reached XP level 2. HP: 17/20 MP: 0/5
   998 | D:2      | Reached XP level 3. HP: 23/26 MP: 1/6
  1468 | D:2      | Reached skill level 2 in Conjurations
  1586 | D:2      | Reached XP level 4. HP: 31/33 MP: 5/8
  2254 | D:3      | Learned a level 3 spell: Conjure Flame
  2259 | D:3      | Learned a level 4 spell: Sticky Flame
  2566 | D:3      | Reached XP level 5. HP: 38/38 MP: 6/9
  2589 | D:3      | Found a glowing silver altar of Zin.
  2589 | D:3      | Noticed an angel
  2727 | D:3      | Found a glowing drain.
  2736 | Sewer    | Entered a sewer
  2821 | Sewer    | Noticed a crocodile
  2842 | Sewer    | Killed a crocodile
  2842 | Sewer    | Reached skill level 3 in Conjurations
  3429 | D:4      | Reached XP level 6. HP: 45/45 MP: 8/11
  3764 | D:4      | Found a deep blue altar of Sif Muna.
  3769 | D:4      | Became a worshipper of Sif Muna the Loreminder
  3899 | D:4      | Noticed Menkaure
  3910 | D:4      | Killed Menkaure
  3910 | D:4      | Reached skill level 1 in Invocations
  3998 | D:4      | Reached skill level 4 in Conjurations
  3998 | D:4      | Reached skill level 5 in Fire Magic
  4005 | D:4      | Your scales start taking on a dull iron-grey colour.
  4005 | D:4      | Reached XP level 7. HP: 50/50 MP: 3/13
  4005 | D:4      | Gained mutation: You can survive without breathing. [Grey
                  | Draconian growth]
  4008 | D:4      | Identified Sif Muna's Incunabulum of the Entourage
  4145 | D:4      | Got a brightly glowing trident
  4146 | D:4      | Identified the cursed +0 trident "Cikas" {freeze, MR+ Int-2
                  | Stlth+} (You found it on level 4 of the Dungeon)
  4514 | D:5      | Entered Level 5 of the Dungeon
  4793 | D:5      | Noticed Grinder
  4884 | D:5      | Killed Grinder
  4884 | D:5      | Reached skill level 5 in Conjurations
  5039 | D:5      | Reached skill level 5 in Spellcasting
  5053 | D:5      | Reached XP level 8. HP: 33/57 MP: 0/15
  5192 | D:5      | Found a sacrificial altar of Ru.
  5408 | D:5      | Found a blossoming altar of Fedhas.
  5659 | D:5      | Found a bloodstained altar of Trog.
  5671 | D:5      | Reached * piety under Sif Muna
  5724 | D:5      | Found a burning altar of Makhleb.
  5897 | D:5      | Got an ancient falchion
  5899 | D:5      | Identified the +1 falchion of the Puffball {vamp, Stlth+}
                  | (You found it on level 5 of the Dungeon)
  5954 | D:5      | Found a burning altar of Makhleb.
  6351 | D:6      | Reached skill level 5 in Invocations
  6481 | D:6      | Reached skill level 6 in Conjurations
  6921 | D:6      | Reached skill level 7 in Conjurations
  7158 | D:6      | Noticed Duvessa
  7161 | D:6      | Noticed Dowan
  7166 | D:6      | Killed Duvessa
  7166 | D:6      | Reached skill level 1 in Fighting
  7166 | D:6      | Reached XP level 9. HP: 57/64 MP: 13/18
  7169 | D:6      | Killed Dowan
  7408 | D:6      | Noticed Prince Ribbit
  7417 | D:6      | Killed Prince Ribbit
  7821 | D:7      | Found a staircase to the Ecumenical Temple.
  7989 | D:7      | Found a white marble altar of Elyvilon.
  8035 | D:7      | Noticed Joseph
  8047 | D:7      | HP: 3/68 [crocodile (9)]
  8049 | D:7      | HP: 1/69 [Joseph/+2 quarterstaff of draining (1)]
  8053 | D:7      | Mangled by Joseph

Levels and vault maps discovered:
D:1:      psy_arrival_spokes, layout_basic
D:2:      layout_basic
D:3:      layout_rooms, zin_angel, cheibrodos_sewer_entry_bend
D:4:      layout_loops_ring, led_sif_book, uniq_menkaure
D:5:      layout_loops_ring, old_standard_altar, makhleb_blood_cavern_becter,
          fedhas_bush_and_centaur_altar, kennysheep_mini, first_ration,
          basic_altar, kennysheep_big_empty_room, kennysheep_cluttered_room,
          corner_web_ring, minmay_checkerbox, uniq_grinder
D:6:      layout_basic, uniq_prince_ribbit1, uniq_duvessa
D:7:      layout_loops_ring, elyvilon_altar_3,
          nicolae_dithmenos_through_a_glass_darkly,
          minmay_temple_entry_glassed_door, uniq_joseph

Skill      XL: |  1  2  3  4  5  6  7  8  9 |
---------------+----------------------------+-----
Stealth        | 2 |  2.0
Dodging        | 2 |  2.0
Conjurations   | 2 3 4 5 7 |  7.0
Spellcasting   | 3 4 5 6 |  6.8
Fire Magic     | 4 5 |  5.0
Invocations    | 1 4 5 6 |  6.0
Fighting       | 1 3 |  3.1

Action                   |  1- 3 |  4- 6 |  7- 9 || total
-------------------------+-------+-------+-------++-------
Melee: Whip              |    18 |     1 |       ||    19
       Tailslap          |     1 |       |    11 ||    12
       Trident           |       |       |    32 ||    32
       Lajatang          |       |       |    52 ||    52
       Falchion          |       |       |     2 ||     2
Throw: Stone             |     4 |    39 |    38 ||    81
 Cast: Flame Tongue      |    52 |   118 |    89 ||   259
       Sticky Flame      |       |     1 |    30 ||    31
  Use: Scroll            |       |    10 |     4 ||    14
       Potion            |       |       |     4 ||     4
  Eat: Chunk             |     3 |     7 |    14 ||    24
       Ration            |       |       |     1 ||     1
Armor: Skin              |    12 |    21 |    79 ||   112
Dodge: Dodged            |    35 |    36 |   104 ||   175
       Rpst.: Falchion   |       |       |     1 ||     1

Table legend:
 A = Non-vault XP
 B = Vault XP
 C = Vault XP percentage of total XP
 D = Non-vault monster count
 E = Vault monster count
 F = Vault count percentage of total count
                 A         B        C        D         E       F
            +---------+---------+-------+---------+---------+-------
      Total |    2255 |    1355 |  37.5 |     116 |      19 |  14.1
            +---------+---------+-------+---------+---------+-------
        D:1 |      35 |       0 |   0.0 |      18 |       0 |   0.0
        D:2 |     110 |       0 |   0.0 |      19 |       0 |   0.0
        D:3 |      92 |       5 |   5.2 |      18 |       1 |   5.3
        D:4 |     192 |     247 |  56.3 |      22 |       3 |  12.0
        D:5 |     627 |     499 |  44.3 |      17 |       6 |  26.1
        D:6 |     859 |     487 |  36.2 |      16 |       3 |  15.8
        D:7 |     340 |       0 |   0.0 |       6 |       0 |   0.0
      Sewer |       0 |     117 | 100.0 |       0 |       6 | 100.0
            +---------+---------+-------+---------+---------+-------
